 Dungeon Crawl Stone Soup version 0.26-a0-690-gcb57259078 (webtiles) character file.

Game seed: 16598383778850054557

599 ANON1729 the Sneak (level 7, -8/49 HPs)
             Began as an Octopode Chaos Knight on Oct 24, 2020.
             Was a Plaything of Xom.
             Mangled by an orc warrior
             ... wielding a +0 mace
              (20 damage)
             ... on level 4 of the Dungeon.
             The game lasted 00:04:46 (4026 turns).

ANON1729 the Sneak (Octopode Chaos Knight)          Turns: 4026, Time: 00:04:47

Health: -8/49      AC:  3    Str:  9 (13) XL:     7   Next: 41%
Magic:  7/7        EV: 14    Int:  9 (13) God:    Xom [...*..]
Gold:   275        SH:  5    Dex:  9 (11) Spells: 6/6 levels left

rFire    + . .     SeeInvis +   a - +0 falchion (chaos)
rCold    . . .     Faith    .   (no shield)
rNeg     + . .     Spirit   .   (helmet restricted)
rPois    .         Reflect  +   v - amulet of reflection
rElec    .         Harm     .   i - ring of protection from fire
rCorr    .         Rampage  .   m - ring of positive energy
MR       .....                  (no ring)
Stlth    +++.......             (no ring)
HPRegen  0.16/turn              (no ring)
MPRegen  0.10/turn              (no ring)
                                (no ring)
                                (no ring)

@: slowed, very slow
A: almost no armour, stealthy swim, amphibious, 8 rings, constrict 8, antennae
1, tentacle spike 1, icy blue scales 1, camouflage 1, see invisible,
deterioration 1, dopey 1, gelatinous body 1
a: Renounce Religion


You were on level 4 of the Dungeon.
You worshipped Xom.
You were a favourite toy of Xom.
You visited 1 branch of the dungeon, and saw 4 of its levels.

You collected 275 gold pieces.

Inventory:

Hand Weapons
 a - a +0 falchion of chaos (weapon)
Armour
 e - a +0 kite shield
Jewellery
 i - a ring of protection from fire (left tentacle)
 m - a ring of positive energy (right tentacle)
 v - an amulet of reflection (around mantle)
Wands
 s - a wand of random effects (13)
Scrolls
 b - 7 scrolls of identify {unknown}
 c - a scroll of fear {unknown}
 f - 2 scrolls of enchant armour {unknown}
 g - 2 scrolls of remove curse {unknown}
 n - a scroll of enchant weapon {unknown}
 o - a scroll of magic mapping {unknown}
 p - a scroll of teleportation {unknown}
 q - 3 scrolls of fog {unknown}
 u - a scroll of random uselessness {unknown}
Potions
 d - 2 potions of degeneration
 h - a potion of ambrosia {unknown}
 j - 2 potions of stabbing {unknown}
 k - 5 potions of curing
 l - a potion of magic {unknown}
 r - 2 potions of haste {unknown}
 t - a potion of brilliance {unknown}


   Skills:
 + Level 4.6 Fighting
 + Level 4.5 Long Blades
 + Level 4.2 Dodging
 + Level 4.7 Stealth
 + Level 2.9 Shields


You had 6 spell levels left.
You didn't know any spells.
Your spell library was empty.

Dungeon Overview and Level Annotations

Branches:
Dungeon (4/15)
 Temple: D:4-7

Altars:
Fedhas
Gozag
Uskayaw
Xom


Innate Abilities, Weirdness & Mutations

You cannot wear most types of armour.
You are very stealthy in the water. (Stealth+)
You are amphibious.
You can wear up to eight rings at the same time.
You can use your tentacles to constrict eight enemies at once.
Your skin changes colour to match your surroundings (Stealth+).
Your rubbery body absorbs attacks. (AC +1, EV +1)
You have a pair of small antennae on your head.
One of your tentacles bears a spike.
You are partially covered in icy blue scales. (AC +2)
You have supernaturally acute eyesight. (SInv)
Your body sometimes deteriorates upon taking damage.
You are dopey. (Int -2)


Message History

Your quasit bites the scorpion.
Your quasit claws the scorpion but does no damage. x2
The orc wizard gestures wildly while chanting.
The orc wizard blinks!
Your crimson imp barely misses the orc wizard.
Your ufetubus hits the scorpion but does no damage. x2
Your quasit closely misses the scorpion.
Your quasit claws the scorpion.
Your quasit closely misses the scorpion.
The orc hits your ufetubus with a +0 club!
Your ufetubus dies!
Your crimson imp barely misses the orc wizard.
The orc wizard casts a spell at you.
You feel yourself slow down.
Your crimson imp hits the orc wizard.
It was a potion of degeneration.
There was something very wrong with that liquid.
You feel weakened.
You feel dopey.
You feel clumsy.
Xom thinks this is hilarious!
The orc warrior hits you with a +0 mace!!
You die...

#..........#
#....#####+#############
#....#.................#
#....#.#...............#
#....#.#...............#
#....#'#...............#
#..........#############
#..........########
#....o.@...........
#..5..oo..########.
#..5......# #...s.....#
#...5#+#+## # #...o# #.
#..5.# #.#).o.# #......#


You could see an orc warrior, a scorpion, 2 orc wizards, 2 orcs, 2 friendly iron
imps, a friendly quasit (summoned) and a friendly crimson imp (summoned).

Vanquished Creatures
  Grinder (D:3)
  Crazy Yiuf (D:3)
  2 jellies (D:2)
  8 gnolls
  2 adders
  8 oozes (D:2)
  A worm (D:2)
  5 leopard geckos
  2 orcs
  2 ball pythons (D:1)
  5 giant cockroaches
  6 goblins
  6 hobgoblins
  2 jackals (D:3)
  A quokka (D:3)
  4 bats
  3 frilled lizards
  12 kobolds
  3 rats
74 creatures vanquished.

Vanquished Creatures (collateral kills)
  Sigmund (D:2)
  An orc wizard (D:4)
  3 orcs (D:4)
  A quokka skeleton (D:4)
6 creatures vanquished.

Vanquished Creatures (others)
  A plant (D:2)
  8 toadstools (D:2)
9 creatures vanquished.

Grand Total: 89 creatures vanquished

Notes
Turn   | Place    | Note
-------+----------+-------------------------------------------
     0 | D:1      | ANON1729 the Octopode Chaos Knight began the quest for the
                  | Orb.
     0 | D:1      | Reached XP level 1. HP: 16/16 MP: 1/1
   166 | D:1      | XOM: smoke on damage
   366 | D:1      | Reached XP level 2. HP: 21/21 MP: 2/2
  1001 | D:2      | Noticed Sigmund
  1216 | D:2      | Reached skill level 1 in Stealth
  1274 | D:2      | XOM: cast spell 'Summon Mana Viper'
  1280 | D:2      | Killed Sigmund
  1280 | D:2      | Reached skill level 1 in Shields
  1280 | D:2      | Reached XP level 3. HP: 27/27 MP: 3/3
  1280 | D:2      | Reached XP level 4. HP: 33/33 MP: 4/4
  1316 | D:2      | Reached XP level 5. HP: 37/37 MP: 5/5
  1522 | D:2      | XOM: give mutations
  1522 | D:2      | Gained mutation: You are dopey. (Int -2) [Xom's mischief]
  1522 | D:2      | Gained mutation: Your body sometimes deteriorates upon
                  | taking damage. [Xom's mischief]
  1564 | D:2      | XOM: summons 3 hostile shadow creatures
  1641 | D:2      | Found a blossoming altar of Fedhas.
  1997 | D:2      | XOM: give mutations
  1997 | D:2      | Gained mutation: You have a pair of small antennae on your
                  | head. [Xom's grace]
  1997 | D:2      | Gained mutation: One of your tentacles bears a spike.
                  | [Xom's grace]
  1997 | D:2      | Gained mutation: You are partially covered in icy blue
                  | scales. (AC +2) [Xom's grace]
  1997 | D:2      | Gained mutation: You have supernaturally acute eyesight.
                  | (SInv) [Xom's grace]
  2126 | D:2      | XOM: scenery: create altars
  2470 | D:2      | Reached XP level 6. HP: 6/43 MP: 6/6
  2686 | D:2      | XOM: divination: detect items
  2891 | D:3      | Noticed Grinder
  2892 | D:3      | Paralysed by Grinder for 4 turns
  2893 | D:3      | XOM: potion effect (stabbing)
  2910 | D:3      | Killed Grinder
  2910 | D:3      | Reached XP level 7. HP: 22/49 MP: 7/7
  3052 | D:3      | XOM: noise
  3540 | D:3      | Found an opulent altar of Gozag.
  3573 | D:3      | Found a hide-covered altar of Uskayaw.
  3573 | D:3      | Noticed a +0 hand axe
  3574 | D:3      | Noticed a +0 hand axe
  3638 | D:3      | XOM: silly message
  3645 | D:3      | Found a runed translucent door.
  3646 | D:3      | Noticed Crazy Yiuf
  3652 | D:3      | Killed Crazy Yiuf
  3694 | D:3      | XOM: noise
  3781 | D:4      | XOM: divination: detect items
  4007 | D:4      | XOM: summons 5 friendly demons
  4026 | D:4      | Mangled by an orc warrior

Illustrated notes

Levels and vault maps discovered:
D:1:      erik_arrival_cave_to_civilisation [erik_arrival_cave_to_hall],
          layout_basic
D:2:      cheibrodos_fertilizer, layout_rooms, fedhas_altar_1, serial_glass,
          glass_columns_a, glass_columns_a, glass_columns_c, glass_columns_a,
          glass_columns_b, glass_columns_c, glass_columns_a, glass_columns_a,
          minmay_strange_pillars, uniq_sigmund
D:3:      layout_rooms, grunt_gozag_statues, dancing_weapons_uskayaw,
          uniq_crazy_yiuf_cottage, uniq_grinder
D:4:      cheibrodos_pilgrimage, layout_basic, makhleb_altar_promises_db

Skill      XL: |  1  2  3  4  5  6 |
---------------+-------------------+-----
Stealth        | 2 3 4 |  4.7
Dodging        | 3 4 |  4.2
Shields        | 1 2 |  2.9
Fighting       | 4 |  4.6
Long Blades    | 4 |  4.5

Action                   |  1- 3 |  4- 6 |  7- 9 || total
-------------------------+-------+-------+-------++-------
Melee: Falchion          |    22 |    80 |    51 ||   153
       Constrict         |     6 |    13 |    17 ||    36
       Tentacles         |     5 |    19 |     9 ||    33
       Kick              |       |    14 |    20 ||    34
  Use: Potion            |       |       |     1 ||     1
 Stab: Sleeping          |     4 |     5 |     1 ||    10
       Petrifying        |       |     1 |       ||     1
       Paralysed         |       |       |     1 ||     1
Armor: Skin              |     2 |     9 |     3 ||    14
Dodge: Dodged            |    17 |    68 |    30 ||   115
Block: Other             |       |       |     2 ||     2
       Rpst.: Falchion   |     6 |    20 |     9 ||    35

Table legend: (Time is in decaauts)
 A = Elapsed time spent in this place.
 B = Non-inter-level travel time spent in this place.
 C = Inter-level travel time spent in this place.
 D = Time resting spent in this place.
 E = Time spent auto-exploring this place.
 F = Levels seen in this place.
 G = Mean time per level.
                   A        B        C        D        E       F      G
               +--------+--------+--------+--------+--------+-----+--------+
         Total |   4040 |   3880 |    160 |    776 |   2580 |   4 | 1010.0 |
       Dungeon |   4040 |   3880 |    160 |    776 |   2580 |   4 | 1010.0 |
               +--------+--------+--------+--------+--------+-----+--------+

Top non-repeatable levels by time:
     D:2: 1597 daAuts
     D:1: 1197 daAuts
     D:3: 953 daAuts
     D:4: 292 daAuts
